 Dungeon Crawl Stone Soup version 0.29.1-12-g30fa7ad0bf (webtiles) character file.

Game seed: 1983540422566713057

497 Descartes the Shield-Bearer (level 7, 0/52 HPs)
             Began as a Formicid Fighter on Dec 17, 2022.
             Succumbed to a scorpion's poison
             ... on level 4 of the Dungeon.
             The game lasted 00:07:16 (5128 turns).

Descartes the Shield-Bearer (Formicid Fighter)      Turns: 5128, Time: 00:07:17

Health: 0/52       AC:  7    Str: 21      XL:     7   Next: 38%
Magic:  7/7        EV:  9    Int:  9      God:
Gold:   146        SH:  4    Dex:  6 (13) Spells: 6/6 levels left

rFire   + . .      SeeInvis +   a - +0 war axe
rCold   . . .      Faith    .   c - +0 buckler
rNeg    . . .      Spirit   .   b - +0 scale mail
rPois   .          Reflect  .   (helmet unavailable)
rElec   .          Harm     .   (no cloak)
rCorr   .          Rampage  .   (no gloves)
Will    .....                   (no boots)
Stlth   ..........              (no amulet)
HPRegen 0.17/turn               m - ring of protection from fire
MPRegen 0.10/turn               (no ring)

@: lethally poisoned (0 -> -4), attractive, flying
A: permanent stasis, dig shafts and tunnels, antennae 3, four strong arms
a: Dig, Shaft Self


You were on level 4 of the Dungeon.
You visited 1 branch of the dungeon, and saw 5 of its levels.

You collected 146 gold pieces.

Inventory:

Hand Weapons
 a - a +0 war axe (weapon)
Missiles
 q - 5 javelins
 u - 3 poisoned darts
Armour
 b - a +0 scale mail (worn)
 c - a +0 buckler (worn)
Jewellery
 m - a ring of protection from fire (left hand)
Scrolls
 e - 4 scrolls of fear {unknown}
 f - a scroll of silence {unknown}
 g - a scroll of enchant armour {unknown}
 h - 4 scrolls of teleportation {unknown}
 i - 5 scrolls of identify {unknown}
 n - a scroll of immolation {unknown}
 o - 2 scrolls of torment {unknown}
 r - a scroll of poison {unknown}
 t - a scroll of enchant weapon {unknown}
 v - a scroll of noise {unknown}
Potions
 d - a potion of might
 j - a potion of berserk rage
 k - a potion of flight
 l - a potion of attraction
 p - a potion of magic {unknown}
 s - 2 potions of curing {unknown}


   Skills:
 - Level 3.2 Fighting
 + Level 3.7 Axes
 + Level 4.8 Armour
 + Level 5.8 Shields
 + Level 2.6 Translocations
 + Level 3.2 Evocations


You had 6 spell levels left.
You didn't know any spells.
Your spell library contained the following spells:

 Spells                   Type           Power      Damage    Failure   Level
 Foxfire                  Conj/Fire      0%         2x1d4     77%         1
 Slow                     Hex            0%         N/A       77%         1
 Ensorcelled Hibernation  Hex/Ice        0%         N/A       88%         2
 Static Discharge         Conj/Air       0%         3-3/arc   88%         2
 Confusing Touch          Hex            0%         N/A       98%         3
 Conjure Flame            Conj/Fire      0%         6-21      98%         3
 Inner Flame              Hex/Fire       0%         N/A       98%         3
 Ozocubu's Armour         Ice            0%         N/A       98%         3
 Spider Form              Tmut/Pois      0%         N/A       98%         3
 Vampiric Draining        Necr           0%         2d6       98%         3
 Anguish                  Hex/Necr       0%         N/A       100%        4
 Dispel Undead            Necr           0%         3d6       100%        4
 Flame Wave               Conj/Fire      0%         2d4       100%        4
 Sticky Flame             Conj/Fire      0%         2d3       100%        4
 Metabolic Englaciation   Hex/Ice        0%         N/A       100%        5
 Simulacrum               Ice/Necr       0%         N/A       100%        6


Dungeon Overview and Level Annotations

Branches:
Dungeon (5/15)
 Temple: D:4-7

Altars:

Shops:
D:1 =

Annotations:
D:4 ripuliukko's ghost, amateur GrEE


Innate Abilities, Weirdness & Mutations

You cannot be hasted, slowed, berserked, paralysed or teleported.
You can dig through walls and to a lower floor.
You have a pair of large antennae on your head. (SInv)
Your four strong arms can wield two-handed weapons with a shield.


Message History

The scorpion stings you but does no damage.
You miss the adder.
The adder is moderately wounded.
You hit the scorpion but do no damage.
The centaur shoots an arrow.
The arrow hits you! You block the adder's attack.
The centaur shoots an arrow.
The arrow closely misses you.
The scorpion stings you but does no damage.
You block the adder's attack.
You barely miss the adder.
The adder is lightly wounded.
You hit the scorpion.
The centaur shoots an arrow.
You block the arrow. The scorpion misses you.
The adder bites you but does no damage. The scorpion stings you.
The adder closely misses you.
Unknown command.
The centaur shoots an arrow.
The arrow hits you! The scorpion stings you.
* * * LOW HITPOINT WARNING * * *
There is a stone staircase leading up here.
The scorpion stings you.
* * * LOW HITPOINT WARNING * * *
You are lethally poisoned!
The scorpion poisons you!
You climb upwards.
Level annotation: ripuliukko's ghost, amateur GrEE
* * * LOW HITPOINT WARNING * * *
You feel very sick.
There is a stone staircase leading down here.
It was a potion of berserk rage.
Your stasis prevents you from going berserk.
* * * LOW HITPOINT WARNING * * *
You feel sick.
The scorpion stings you but does no damage. x2
It was a potion of flight.
You feel very buoyant.
You fly up into the air.
* * * LOW HITPOINT WARNING * * *
You feel sick. The scorpion barely misses you.
It was a potion of attraction.
You feel attractive to monsters.
You die...

######............#.##.##.......#
#.##.#.##.........####...........
...#...............##........#...
<......#...........#..†.....###..
.......#...#....##....)##........
..........##...#.....#.###.###.##
.........###..##..####..#### ###
.........###..#..#####.##
....<..(..#.....@##.#...# #
........<....#.s....##.## ###
........##...#....#.##.## #####.#
.#.....####............>###.#....
.#.....####..##...............#.[
..............................#).
......................#........).
.......#############..#.....[....
#......#{..(.......#....#....##..


You could see a scorpion.

Vanquished Creatures
  A scorpion (D:4)
  A water moccasin skeleton (D:4)
  2 quasits
  An orc priest (D:3)
  A bullfrog skeleton (D:4)
  Natasha (thrice) (D:2)
  An orc wizard (D:4)
  A howler monkey skeleton (D:4)
  4 adders
  2 shadow imps
  2 white imps (D:4)
  4 ufetubi
  A worm (D:3)
  2 dart slugs
  6 orcs
  6 endoplasms
  2 giant cockroaches
  6 goblins
  7 hobgoblins
  7 kobolds
  2 quokkas (D:3)
  11 ball pythons
  2 bats
  2 frilled lizards
  4 rats
81 creatures vanquished.

Notes
Turn   | Place    | Note
-------+----------+-------------------------------------------
     0 | D:1      | Descartes the Formicid Fighter began the quest for the Orb.
     0 | D:1      | Reached XP level 1. HP: 18/18 MP: 1/1
   275 | D:1      | Reached XP level 2. HP: 22/24 MP: 2/2
   416 | D:1      | Found Enuec's Jewellery Shop.
   810 | D:1      | You fall into a shaft and drop 1 floor!
   888 | D:1      | Reached skill level 1 in Evocations
   926 | D:1      | Reached XP level 3. HP: 29/29 MP: 3/3
  1491 | D:2      | Reached XP level 4. HP: 35/35 MP: 4/4
  1586 | D:2      | Noticed Natasha
  1601 | D:2      | Killed Natasha
  1602 | D:2      | Reached skill level 1 in Translocations
  1861 | D:2      | Noticed Natasha
  1872 | D:2      | Killed Natasha
  1873 | D:2      | Reached XP level 5. HP: 30/41 MP: 5/5
  2217 | D:3      | Reached skill level 5 in Shields
  2423 | D:2      | Noticed Natasha
  2435 | D:2      | Killed Natasha
  3085 | D:3      | Reached XP level 6. HP: 47/47 MP: 6/6
  3475 | D:4      | Found a transporter.
  3555 | D:4      | Noticed ripuliukko's ghost (amateur GrEE)
  4061 | D:4      | Found a transporter.
  4135 | D:3      | Reached XP level 7. HP: 30/52 MP: 7/7
  4361 | D:4      | Identified the +2 pair of gloves of Forking Paths {rElec
                  | Slay+3}
  5106 | D:5      | Entered Level 5 of the Dungeon
  5127 | D:4      | HP: 1/52 [poisoned by a scorpion]
  5128 | D:4      | Succumbed to a scorpion's poison

Illustrated notes

Levels and vault maps discovered:
D:1:      scummos_arrival_simple_fountains, layout_loops_ring, serial_shops,
          nicolae_shop_crystal
D:2:      layout_basic, uniq_natasha
D:3:      layout_basic, kennysheep_cluttered_room, grunt_decor_cap,
          minmay_misc_feat_rugged, hex_large
D:4:      layout_cave_pools, gammafunk_ghost_mausoleum, serial_demonic,
          serial_demonic_c, serial_demonic_c, serial_demonic_d, serial_demonic_c
D:5:      layout_basic

Skill      XL: |  1  2  3  4  5  6 |
---------------+-------------------+-----
Evocations     | 1 2 3 |  3.2
Translocations | 1 2 |  2.6
Armour         | 4 |  4.8
Axes           | 3 |  3.7
Shields        | 5 |  5.8
Fighting       | |  3.2

Action                   |  1- 3 |  4- 6 |  7- 9 || total
-------------------------+-------+-------+-------++-------
Melee: War axe           |    76 |   147 |    43 ||   266
  Use: Potion            |       |       |     3 ||     3
Armor: Scale mail        |    31 |   139 |    28 ||   198
Dodge: Dodged            |    32 |   124 |    33 ||   189
Block: Buckler           |    19 |    68 |    17 ||   104
